 Dungeon Crawl Stone Soup version 0.17-a0-1951-g62301d3 (webtiles) character file.

140 4thArraOfDagon the Insei (level 5, -5/42 HPs)
             Began as a Draconian Wizard on Oct 2, 2015.
             Was a Follower of Cheibriados.
             Killed by nerve-wracking pain
             ... invoked by Grinder
              (9 damage)
             ... on level 3 of the Dungeon.
             The game lasted 00:14:18 (1527 turns).

4thArraOfDagon the Insei (Draconian Wizard)         Turns: 1527, Time: 00:14:19

Health: -5/42      AC:  6    Str: 12    XL:     5   Next: 2%
Magic:  5/9        EV: 18    Int: 27    God:    Cheibriados [*.....]
Gold:   92         SH:  0    Dex: 17    Spells: 4 memorised, 1 level left

rFire  . . .     SeeInvis .       - Unarmed
rCold  + . .     Clarity  .     (armour unavailable)
rNeg   . . .     SustAt   .     (no shield)
rPois  .         Gourm    .     a - +0 hat
rElec  .         Spirit   .     k - +0 cloak
rCorr  .         Warding  .     (no gloves)
rMut   .         Stasis   .     (no boots)
MR     .....                    (no amulet)
Stlth  +++.......               e - ring of protection from cold
                                d - +4 ring of intelligence

@: agile, flying, very slightly contaminated, repel missiles, very slow, not
resistant to hostile enchantments, fairly stealthy
A: unfitting armour, cold-blooded, AC +5
a: Bend Time, Renounce Religion


You were on level 3 of the Dungeon.
You worshipped Cheibriados.
Cheibriados was aware of your devotion.
You were not hungry.

You visited 1 branch of the dungeon, and saw 4 of its levels.

You collected 92 gold pieces.

Inventory:

Hand weapons
 h - a +0 blowgun
Missiles
 i - 13 poisoned needles
Armour
 a - a +0 hat (worn)
 k - a +0 cloak (worn)
Jewellery
 d - a +4 ring of intelligence (left hand)
 e - a ring of protection from cold (right hand)
Scrolls
 f - a scroll of identify {unknown}
 g - a scroll of remove curse {unknown}
Potions
 l - a potion of curing
 m - a potion of agility
Books
 b - a book of Minor Magic

   Spells                             Type                      Level
   a - Magic Dart                     Conjuration                  1
   b - Blink                          Translocation                2
   c - Call Imp                       Summoning                    2
   d - Repel Missiles                 Charms/Air                   2
   e - Slow                           Hexes                        2
   f - Conjure Flame                  Conjuration/Fire             3
   g - Mephitic Cloud                 Conjuration/Poison/Air       3
Comestibles
 c - 2 bread rations


   Skills:
 + Level 2.3 Fighting
 + Level 2.2 Dodging
 - Level 1.7 Stealth
 * Level 3.7 Unarmed Combat
 - Level 3.0 Spellcasting
 - Level 1.0 Conjurations
   Level 1.0 Summonings
   Level 1.0 Translocations


You had one spell level left.
You knew the following spells:

 Your Spells              Type           Power        Failure   Level  Hunger
a - Magic Dart            Conj           #...         8%          1    None
b - Repel Missiles        Chrm/Air       #.....       14%         2    #......
c - Conjure Flame         Conj/Fire      #.......     24%         3    ###....
d - Mephitic Cloud        Conj/Pois/Air  #.......     24%         3    ###....


Dungeon Overview and Level Annotations

Branches:
Dungeon (4/15)
 Temple: D:4-7

Altars:
Cheibriados
Fedhas
Trog

Annotations:
D:3 Grinder, Terence


Innate Abilities, Weirdness & Mutations

Your plain brown scales are hard (AC +5).
Your body does not fit into most forms of armour.
You are cold-blooded and may be slowed by cold attacks.


Message History

Read which item? (? for menu, Esc to quit)
Okay, then.
Unknown command.
Grinder misses you.
Unknown command.
Unknown command.
Grinder says, "I used to sell toenails on the black market."
Grinder hits you.
You writhe in agony.
You writhe in agony.
Unknown command.
Grinder gestures at you. Pain shoots through your body!
* * * LOW HITPOINT WARNING * * *
Unknown command.
Unknown command.
Items here: ))) [ a morningstar; a robe; a dagger; a hand axe Unknown command.
Grinder gestures at you. Pain shoots through your body!
You die...

##.# .#.#. .# ...# ... .# ..#
#### #.# .# #.. ### ###.## ##'##
#.# ..# #....## ##...## #.# #.#
###.....## ##.....## #.# ## ..#
#........## ##.......###.##.#
.####.........###.........##.#...
..............5)@.........+.)....
.######...)..####.........##.#...
.# ###.....## ##.......###.##.#
.###.........# ##.....## #.# ##
...#.###.###.# ##...## #.# .#.#
#.# #.# ##'## #.. .#.# #.# #.#
#.# ### .#.# #.. ..# #.# .#.# ..#
##.######


You could see Grinder.

Vanquished Creatures
  Ijyb (D:3)
  An orc wizard (D:3)
  2 adders
  An ooze (D:2)
  An adder skeleton (D:4)
  3 giant geckos
  8 orcs (D:3)
  3 ball pythons (D:3)
  3 bats
  A giant cockroach (D:3)
  6 goblins
  3 hobgoblins
  4 jackals (D:2)
  4 kobolds (D:3)
  2 quokkas
  3 giant newts
  4 rats (D:2)
50 creatures vanquished.

Notes
Turn   | Place    | Note
--------------------------------------------------------------
     0 | D:1      | 4thArraOfDagon the Draconian Wizard began the quest for the Orb.
     0 | D:1      | Reached XP level 1. HP: 14/14 MP: 4/4
    73 | D:2      | Reached skill level 1 in Unarmed Combat
   103 | D:2      | Reached XP level 2. HP: 15/20 MP: 1/6
   327 | D:3      | Learned a level 2 spell: Repel Missiles
   359 | D:3      | Reached XP level 3. HP: 23/27 MP: 5/7
   383 | D:3      | Found a snail-covered altar of Cheibriados.
   388 | D:3      | Found a blossoming altar of Fedhas.
   389 | D:3      | Found a bloodstained altar of Trog.
   393 | D:3      | Became a worshipper of Cheibriados the Contemplative
   398 | D:3      | Reached skill level 1 in Fighting
   403 | D:3      | Learned a level 3 spell: Conjure Flame
   456 | D:3      | Noticed Terence
   663 | D:4      | Noticed an ogre
   691 | D:4      | Noticed an ogre
   872 | D:3      | Acquired Cheibriados's first power
   885 | D:3      | Reached XP level 4. HP: 16/36 MP: 2/8
   940 | D:3      | Noticed Grinder
  1050 | D:3      | Noticed Ijyb
  1057 | D:3      | Learned a level 3 spell: Mephitic Cloud
  1150 | D:3      | Killed Ijyb
  1307 | D:2      | Reached XP level 5. HP: 26/42 MP: 9/9
  1504 | D:3      | Paralysed by Grinder for 3 turns
  1513 | D:3      | Paralysed by Grinder for 5 turns
  1527 | D:3      | Killed from afar by Grinder

Vault maps used:
D:1:      dpeg_arrival_ternary, serial_park_tiny_2, minmay_misc_feat_room,
          minmay_splitting_lines
D:2:      first_bread, serial_forest, infiniplex_forest_clump_small,
          infiniplex_forest_clump_diagonal, infiniplex_forest_straight_2,
          infiniplex_forest_straight_1, infiniplex_forest_straight_3,
          infiniplex_forest_lined_room_2, uniq_sigmund
D:3:      grunt_temple_overflow_open, uniq_iyjb, uniq_terence, uniq_grinder

Action                   |  1- 3 |  4- 6 || total
-------------------------+-------+-------++-------
Melee: Unarmed           |   103 |   135 ||   238
 Cast: Magic Dart        |    43 |    21 ||    64
       Repel Missiles    |     1 |       ||     1
       Conjure Flame     |     1 |     1 ||     2
  Use: Scroll            |     3 |       ||     3
       Potion            |     1 |     3 ||     4
  Eat: Beef jerky        |     1 |       ||     1
       Chunk             |       |     1 ||     1
